 Dungeon Crawl Stone Soup version 0.28.0-1-gb440e238dd (webtiles) character file.

Game seed: 17254122932587508435

2177 cbfl8 the Protected (level 9, -7/75 HPs)
             Began as a Minotaur Delver on Feb 23, 2022.
             Was an Initiate of Trog.
             Succumbed to a hornet's poison
             ... on level 9 of the Dungeon.
             The game lasted 00:22:27 (10777 turns).

cbfl8 the Protected (Minotaur Delver)              Turns: 10777, Time: 00:22:28

Health: -7/75      AC: 20    Str: 19 (21) XL:     9   Next: 11%
Magic:  1/8        EV: 11    Int:  5 (7)  God:    Trog [......]
Gold:   468        SH:  0    Dex:  9 (12) Spells: 8/8 levels left

rFire   x . .      SeeInvis .   L - +0 demon whip (venom)
rCold   + . .      Faith    .   (no shield)
rNeg    . . .      Spirit   +   A - +0 plate armour
rPois   .          Reflect  .   e - +2 hat
rElec   .          Harm     .   h - +1 cloak
rCorr   .          Rampage  .   O - +0 pair of gloves
Will    .....                   r - +0 pair of boots
Stlth   ..........              y - amulet of guardian spirit
HPRegen 0.22/turn               C - ring of ice
MPRegen 0.11/turn               Q - +4 ring of evasion

@: lethally poisoned (-7 -> -31), slowed, very slow
A: horns 2, retaliatory headbutt
a: Renounce Religion


You were on level 9 of the Dungeon.
You worshipped Trog.
Trog was noncommittal.
You visited 2 branches of the dungeon, and saw 10 of its levels.

You collected 468 gold pieces.

Inventory:

Hand Weapons
 a - a +0 hand axe
 j - a +0 falchion
 F - a +0 war axe
 L - a +0 demon whip of venom (weapon)
Armour
 b - a +0 leather armour
 e - a +2 hat (worn)
 h - a +1 cloak (worn)
 i - a +0 ring mail
 k - a +0 chain mail
 r - a +0 pair of boots (worn)
 A - a +0 plate armour (worn)
 G - a +0 pair of boots
 O - a +0 pair of gloves (worn)
Jewellery
 y - an amulet of guardian spirit (around neck)
 C - a ring of ice (left hand)
 K - an amulet of the acrobat
 Q - a +4 ring of evasion (right hand)
 R - a ring of magical power
Wands
 g - a wand of digging (3)
 q - a wand of iceblast (14)
 s - a wand of paralysis (10)
 D - a wand of flame (21)
 J - a wand of acid (5)
Scrolls
 c - a scroll of fog
 d - 3 scrolls of magic mapping
 f - a scroll of brand weapon {unknown}
 l - a scroll of summoning {unknown}
 n - 4 scrolls of enchant weapon
 o - 8 scrolls of identify
 p - 2 scrolls of immolation {unknown}
 t - a scroll of acquirement {unknown}
 u - 3 scrolls of vulnerability {unknown}
 E - a scroll of enchant armour {unknown}
 I - a scroll of teleportation {unknown}
Potions
 m - a potion of degeneration
 v - a potion of resistance {unknown}
 w - a potion of lignification {unknown}
 z - 3 potions of magic
 B - a potion of might {unknown}
 H - a potion of flight {unknown}
 M - a potion of attraction {unknown}
 N - a potion of cancellation {unknown}


   Skills:
 + Level 6.2 Fighting
 + Level 6.0 Long Blades
 + Level 6.5 Axes
 + Level 0.2(4.0) Maces & Flails
 + Level 8.3 Armour
 + Level 3.2 Dodging
 + Level 5.7 Stealth


You had 8 spell levels left.
You didn't know any spells.
Your spell library contained the following spells:

 Spells                   Type           Power      Damage    Failure   Level
 Sting                    Tmut/Pois      0%         1d3       100%        1
 Summon Small Mammal      Summ           0%         N/A       100%        1
 Poisonous Vapours        Pois/Air       0%         N/A       100%        2
 Call Canine Familiar     Summ           0%         N/A       100%        3
 Gell's Gravitas          Tloc           0%         N/A       100%        3
 Lesser Beckoning         Tloc           0%         N/A       100%        3
 Summon Guardian Golem    Hex/Summ       0%         N/A       100%        3
 Teleport Other           Tloc           0%         N/A       100%        3
 Hailstorm                Conj/Ice       0%         3d3       100%        4
 Ice Form                 Ice/Tmut       0%         N/A       100%        4
 Olgreb's Toxic Radiance  Pois           0%         N/A       100%        4
 Simulacrum               Ice/Necr       0%         N/A       100%        6
 Orb of Destruction       Conj           0%         9d5       100%        7
 Spellforged Servitor     Conj/Summ      0%         N/A       100%        7


Dungeon Overview and Level Annotations

Branches:
Dungeon (9/15)             Temple (1/1) D:7
   Lair: D:8-11         Orc: D:9-12

Altars:
Ashenzari
Cheibriados
Dithmenos
Elyvilon
Fedhas
Gozag
Hepliaklqana
Kikubaaqudgha
Makhleb
Nemelex Xobeh
Okawaru
Qazlal
Ru
Sif Muna
Trog
Uskayaw
Vehumet
Wu Jian
Yredelemnul
Zin
The Shining One

Shops:
D:4 [

Annotations:
D:3 Terence


Innate Abilities, Weirdness & Mutations

You have a pair of horns on your head.
You reflexively headbutt those who attack you in melee.


Message History

You feel sick.
The hornet stings you but does no damage.
The gnoll barely misses you. The gnoll hits you but does no damage.
The hornet stings you!
* * * LOW HITPOINT WARNING * * *
You are more poisoned.
You feel yourself slow down.
You can move again.
Okay, then.
As you read the scroll labelled NAOPEPTOMAE, it crumbles to dust.
It is a scroll of identify.
n - 4 scrolls of enchant weapon You feel very sick.
The hornet stings you!
* * * LOW HITPOINT WARNING * * *
You feel as though you will be slow longer.
The gnoll barely misses you. The gnoll hits you but does no damage.
The hornet stings you but does no damage.
The gnoll hits you but does no damage. The gnoll barely misses you.
Okay, then.
It was a potion of curing.
You feel better.
The hornet stings you but does no damage.
The gnoll hits you but does no damage. The gnoll closely misses you.
The hornet closely misses you. You furiously retaliate!
You headbutt the hornet.
You feel better.
The hornet stings you but does no damage.
The gnoll hits you but does no damage. x2; The hornet stings you!
* * * LOW HITPOINT WARNING * * *
You are lethally poisoned!
You feel as though you will be slow longer.
The gnoll hits you but does no damage. The gnoll barely misses you.
The hornet stings you!
* * * LOW HITPOINT WARNING * * *
You are more poisoned.
You feel as though you will be slow longer.
It was a potion of degeneration.
There was something very wrong with that liquid.
You feel weakened.
You feel dopey.
You feel clumsy.
You die...

####### ....... .....(.
.<..$..#################
..?....g)@y#...........#
.......###g..>.........#
.g...^. ###...........#
....... #...........#
....... ##########.##
#####+# ##...# ###..###
#...## #.###


You could see a hornet and 2 gnolls.

Vanquished Creatures
  A komodo dragon (D:6)
  A steam dragon (D:8)
  2 water moccasins (D:6)
  An orc warrior (D:7)
  A sky beast (D:5)
  A centaur (D:9)
  A kobold brigand (D:5)
  Blork the orc (D:6)
  2 water moccasin skeletons
  A wyvern skeleton (D:5)
  3 killer bees (D:8)
  2 howler monkeys (D:6)
  A bullfrog zombie (D:6)
  3 centaur zombies
  A hound (D:4)
  2 orc priests
  2 centaur skeletons
  3 gnoll shamans
  3 iguanas
  2 human zombies (D:7)
  Ijyb (D:3)
  2 hound skeletons
  13 gnolls
  6 adders
  2 adder skeletons (D:4)
  3 worms
  14 orcs
  4 ball pythons
  9 endoplasms
  2 giant cockroaches (D:1)
  6 goblins
  5 hobgoblins
  11 kobolds
  6 quokkas
  6 bats
  2 frilled lizards (D:2)
  A jackal skeleton (D:7)
  6 rats
133 creatures vanquished.

Vanquished Creatures (others)
  A plant (D:4)
1 creature vanquished.

Grand Total: 134 creatures vanquished

Notes
Turn   | Place    | Note
-------+----------+-------------------------------------------
     0 | D:5      | cbfl8 the Minotaur Delver began the quest for the Orb.
     0 | D:5      | Reached XP level 1. HP: 19/19 MP: 0/0
    49 | D:4      | Reached XP level 2. HP: 11/27 MP: 1/1
    49 | D:4      | Reached XP level 3. HP: 13/33 MP: 2/2
   223 | D:4      | Found Naiseef's Antique Armour Emporium.
   340 | D:4      | Reached skill level 5 in Stealth
   360 | D:4      | Reached XP level 4. HP: 30/40 MP: 3/3
   494 | D:5      | Noticed a sky beast
   502 | D:5      | Killed a sky beast
   503 | D:5      | Reached XP level 5. HP: 39/47 MP: 4/4
   573 | D:5      | Reached skill level 1 in Armour
   977 | D:3      | Found a faded altar of an unknown god.
  1103 | D:3      | Noticed Ijyb
  1124 | D:3      | Killed Ijyb
  1125 | D:3      | Reached skill level 1 in Long Blades
  1125 | D:3      | Reached skill level 2 in Armour
  1503 | D:3      | Found a stormy altar of Qazlal.
  1711 | D:4      | Reached XP level 6. HP: 47/53 MP: 5/5
  2127 | D:2      | Noticed Terence
  2681 | D:4      | Reached skill level 3 in Armour
  4100 | D:2      | Found a sparkling altar of Nemelex Xobeh.
  5074 | D:5      | Reached skill level 5 in Fighting
  5085 | D:5      | Reached XP level 7. HP: 18/61 MP: 6/6
  5673 | D:5      | Reached skill level 4 in Armour
  6250 | D:6      | Found a shadowy altar of Dithmenos.
  6459 | D:6      | Noticed Blork the orc
  6498 | D:6      | Reached skill level 5 in Armour
  6517 | D:6      | Killed Blork the orc
  6690 | D:6      | Reached skill level 5 in Long Blades
  6869 | D:6      | Reached XP level 8. HP: 67/68 MP: 7/7
  6873 | D:6      | Noticed a komodo dragon
  7193 | D:6      | Reached skill level 6 in Armour
  7395 | D:6      | HP: 3/69 [komodo dragon (1)]
  7396 | D:6      | Killed a komodo dragon
  8231 | D:7      | Reached skill level 7 in Armour
  8247 | D:7      | Noticed a +0 hand axe
  8247 | D:7      | Noticed a +0 hand axe
  8249 | D:7      | Found a hide-covered altar of Uskayaw.
  8325 | D:7      | Found a runed translucent door.
  8329 | D:7      | Found a basalt altar of Yredelemnul.
  8343 | D:7      | Reached skill level 5 in Axes
  8407 | D:7      | Found a staircase to the Ecumenical Temple.
  8440 | Temple   | Entered the Ecumenical Temple
  8635 | Temple   | Became a worshipper of Trog the Wrathful
  8723 | D:7      | Found an opulent altar of Gozag.
 10021 | D:8      | Reached skill level 8 in Armour
 10021 | D:8      | Reached XP level 9. HP: 68/75 MP: 8/8
 10762 | D:9      | Paralysed by a hornet for 3 turns
 10771 | D:9      | Paralysed by a hornet for 2 turns
 10776 | D:9      | HP: 1/75 [hornet (12)]
 10777 | D:9      | Succumbed to a hornet's poison

Illustrated notes

Levels and vault maps discovered:
D:1:      nzn_arrival_settlement, layout_loops_ring, serial_park_tiny_1
D:2:      layout_loops_corners, basic_altar, minmay_misc_feat_four_crosses,
          feat_on_display, uniq_terence
D:3:      layout_rooms, nicolae_qazlal_eye_of_the_storm,
          hellmonk_ecumenical_altar_pennies_from_heaven, uniq_ijyb
D:4:      cheibrodos_old_hovel, layout_basic, serial_shops,
          nicolae_shop_hallway_plus, minmay_joined_circles
D:5:      layout_basic
D:6:      layout_gridville, grunt_dithmenos_smoke_and_mirrors,
          uniq_blork_the_orc
D:7:      layout_basic, dancing_weapons_uskayaw, lemuel_crystal_altar,
          dk_yredelemnul_ordeal, minmay_temple_entry_arrows
D:8:      layout_layer_cave
D:9:      layout_roguey, xom_confusion_cloud, orc_0_dummy, minmay_ruined_shrine
Temple:   eino_temple_rhombus

Skill      XL: |  1  2  3  4  5  6  7  8 |
---------------+-------------------------+-----
Fighting       | 4 5 6 |  6.2
Stealth        | 5 |  5.7
Axes           | 3 6 |  6.5
Armour         | 2 3 5 8 |  8.3
Long Blades    | 1 3 5 6 |  6.0
Dodging        | 3 |  3.2
Maces & Flails | |  0.2

Action                   |  1- 3 |  4- 6 |  7- 9 || total
-------------------------+-------+-------+-------++-------
Melee: Hand axe          |    16 |     8 |       ||    24
       Headbutt          |     4 |    48 |    49 ||   101
       Falchion          |       |   218 |    71 ||   289
       Punch             |       |     2 |     2 ||     4
       War axe           |       |       |   125 ||   125
       Demon whip        |       |       |    19 ||    19
  Use: Potion            |       |     2 |     7 ||     9
       Scroll            |       |       |     3 ||     3
Armor: Leather armour    |     4 |       |       ||     4
       Ring mail         |       |    14 |       ||    14
       Chain mail        |       |   120 |       ||   120
       Plate armour      |       |    34 |   272 ||   306
       Skin              |       |     2 |       ||     2
Dodge: Dodged            |    15 |   145 |   127 ||   287
